 Dungeon Crawl Stone Soup version 0.19.1 (webtiles) character file.

84 SQman the Magician (level 4, -2/27 HPs)
             Began as an Octopode Wizard on Dec 18, 2016.
             Was a Follower of Vehumet.
             Slain by a gnoll
             ... wielding a +0 spear
              (5 damage)
             ... on level 3 of the Dungeon.
             The game lasted 00:16:19 (1964 turns).

SQman the Magician (Octopode Wizard)                Turns: 1964, Time: 00:16:19

Health: -2/27      AC:  3    Str:  6    XL:     4   Next: 46%
Magic:  7/9        EV: 13    Int: 26    God:    Vehumet [*.....]
Gold:   133        SH:  0    Dex: 10    Spells: 5 memorised, 1 level left

rFire  . . .     SeeInvis .     e - +8 dagger
rCold  . . .     Gourm    +     (no shield)
rNeg   . . .     Faith    .     a - +2 hat
rPois  .         Spirit   .     j - amulet of the gourmand
rElec  .         Reflect  .     d - +5 ring of intelligence
rCorr  .         Harm     .     i - +4 ring of slaying
MR     .....                    (no ring)
Stlth  +++.......               (no ring)
                                (no ring)
                                (no ring)
                                (no ring)
                                (no ring)

@: no status effects
A: almost no armour, stealthy swim, amphibious, 8 rings, constrict 8, camouflage
1, mutation resistance 2, gelatinous body 1, subdued magic 1
a: Renounce Religion


You were on level 3 of the Dungeon.
You worshipped Vehumet.
Vehumet was aware of your devotion.
You were not hungry.

You visited 1 branch of the dungeon, and saw 3 of its levels.

You collected 133 gold pieces.

Inventory:

Hand Weapons
 e - a +8 dagger (weapon)
Armour
 a - a +2 hat (worn)
Jewellery
 d - a +5 ring of intelligence (left tentacle)
 i - a +4 ring of slaying (right tentacle)
 j - an amulet of the gourmand (around mantle)
Scrolls
 l - a scroll of remove curse
Potions
 f - 3 potions of heal wounds
Books
 b - a book of Minor Magic

   Spells                             Type                      Level
   a - Magic Dart                     Conjuration                  1
   b - Blink                          Translocation                2
   c - Call Imp                       Summoning                    2
   d - Repel Missiles                 Charms/Air                   2
   e - Slow                           Hexes                        2
   f - Conjure Flame                  Conjuration/Fire             3
   g - Mephitic Cloud                 Conjuration/Poison/Air       3
Comestibles
 c - 4 bread rations
 g - 2 meat rations
 h - 3 chunks of flesh


   Skills:
 + Level 0.2 Fighting
 + Level 1.0 Short Blades
 + Level 2.4 Dodging
 + Level 3.2 Stealth
 + Level 0.4 Unarmed Combat
 + Level 3.9 Spellcasting
 + Level 1.4 Conjurations
 + Level 1.2 Summonings
 + Level 1.0 Translocations


You had one spell level left.
You knew the following spells:

 Your Spells              Type           Power        Failure   Level  Hunger
a - Magic Dart            Conj           #...         4%          1    None
b - Call Imp              Summ           #.......     8%          2    None
c - Blink                 Tloc           N/A          8%          2    None
d - Conjure Flame         Conj/Fire      #.......     17%         3    ##.....
e - Sting                 Conj/Pois      #...         8%          1    None


Dungeon Overview and Level Annotations

Branches:
Dungeon (3/15)

Altars:
Nemelex Xobeh
Vehumet


Innate Abilities, Weirdness & Mutations

You cannot wear most types of armour.
You are very stealthy in the water. (Stealth+)
You are amphibious.
You can wear up to eight rings at the same time.
You can use your tentacles to constrict eight enemies at once.
Your skin changes colour to match your surroundings (Stealth+).
Your rubbery body absorbs attacks. (AC +1, EV +1)
You are somewhat resistant to both further mutation and mutation removal.
Your spells are a little easier to cast, but a little less powerful.


Message History

3 gnolls come into view.
There is an open door here.
The gnoll shouts! x3
The gnoll hits you with a whip!
You hit the gnoll. Your grab misses the gnoll.
The gnoll is moderately wounded.
The gnoll misses you. The gnoll barely misses you.
The gnoll hits you from afar with a spear!
The gnoll barely misses you.
The gnoll hits you from afar with a halberd.
* * * LOW HITPOINT WARNING * * *
There isn't anything here!
Unknown command.
Casting: Conjure Flame
Confirm with . or Enter, or press ? or * to list all spells.
You don't know that spell.
Casting: Conjure Flame
Confirm with . or Enter, or press ? or * to list all spells.
You blink.
The gnoll hits you with a spear.
You die...

#.# #.# #.....#
#.# #.#
######.###.# #.#
### #.......[..#
### #.#####.##.#
#.##.......#
#######.######.#.#
######.....#.#
#.#.#
........g..'.#
#...# ..#.@gg§#.#
##..# #.....#.#
#..#
#.....#.#######.>#
#.....#..........#
################.#
.# .# .# .#


You could see 3 gnolls.

Vanquished Creatures
  2 adders
  2 oozes (D:1)
  2 dart slugs
  A leopard gecko (D:1)
  3 giant cockroaches
  4 goblins
  8 hobgoblins
  8 jackals
  2 frilled lizards
  8 kobolds
  10 rats
50 creatures vanquished.

Notes
Turn   | Place    | Note
-------+----------+-------------------------------------------
     0 | D:1      | SQman the Octopode Wizard began the quest for the Orb.
     0 | D:1      | Reached XP level 1. HP: 11/11 MP: 4/4
    97 | D:1      | Gained mutation: Your spells are a little easier to cast, but a little less powerful. [potion of mutation]
    97 | D:1      | Gained mutation: You are somewhat resistant to further mutation. [potion of mutation]
    97 | D:1      | Gained mutation: You are somewhat resistant to both further mutation and mutation removal. [potion of mutation]
   145 | D:1      | Reached XP level 2. HP: 17/17 MP: 1/6
   283 | D:1      | Learned a level 2 spell: Call Imp
   317 | D:1      | Learned a level 2 spell: Blink
   744 | D:1      | Reached XP level 3. HP: 21/21 MP: 0/8
  1039 | D:2      | Learned a level 3 spell: Conjure Flame
  1055 | D:2      | Found a radiant altar of Vehumet.
  1068 | D:2      | Became a worshipper of Vehumet
  1305 | D:2      | Found a sparkling altar of Nemelex Xobeh.
  1537 | D:2      | Reached XP level 4. HP: 24/27 MP: 9/9
  1874 | D:3      | Reached * piety under Vehumet
  1874 | D:3      | Offered knowledge of Sting by Vehumet.
  1879 | D:3      | Reached skill level 1 in Short Blades
  1934 | D:3      | Learned a level 1 spell: Sting
  1964 | D:3      | Slain by a gnoll

Skill      XL: |  1  2  3  4 |
---------------+-------------+-----
Stealth        | 3 |  3.2
Short Blades   | 1 |  1.0
Fighting       | |  0.2
Dodging        | |  2.4
Unarmed Combat | |  0.4
Spellcasting   | |  3.9
Conjurations   | |  1.4
Summonings     | |  1.2
Translocations | |  1.0

Action                   |  1- 3 |  4- 6 || total
-------------------------+-------+-------++-------
Melee: Unarmed           |    12 |       ||    12
       Tentacles         |     7 |     3 ||    10
       Constrict         |    10 |     4 ||    14
       Dagger            |    33 |    12 ||    45
 Cast: Magic Dart        |    54 |     7 ||    61
       Blink             |     1 |     1 ||     2
       Call Imp          |     1 |       ||     1
       Conjure Flame     |     1 |       ||     1
  Use: Scroll            |    10 |     3 ||    13
       Potion            |     3 |     1 ||     4
 Stab: Sleeping          |     1 |       ||     1
  Eat: Chunk             |     1 |     2 ||     3
       Bread ration      |     1 |       ||     1
Armor: Skin              |     5 |     3 ||     8
Dodge: Dodged            |    35 |     5 ||    40
